 Dungeon Crawl Stone Soup version 0.17-a0-4-gb793c6d (webtiles) character file.

8430 Charly the Arsonist (level 11, -1/61 HPs)
             Began as an Octopode Fire Elementalist on Mar 3, 2015.
             Was the Champion of Sif Muna.
             Slain by an eight-headed hydra (13 damage)
             ... summoned by a shadow trap
             ... triggered by the player character
             ... on level 1 of the Lair of Beasts on Mar 4, 2015.
             The game lasted 01:11:03 (14581 turns).

Charly the Arsonist (Octopode Fire Elementalist)   Turns: 14581, Time: 01:11:03

Health: -1/61      AC:  3    Str: 10    XL:     11   Next: 30%
Magic:  13/19      EV: 14    Int: 20    God:    Sif Muna [******]
Gold:   435        SH:  0    Dex: 13    Spells: 6 memorised, 4 levels left

rFire  . . .     SeeInvis .     B - +1 spear (venom)
rCold  . . .     Clarity  +     (no shield)
rNeg   . . .     SustAb   .     (helmet restricted)
rPois  .         Gourm    .     y - amulet of clarity
rElec  .         Spirit   .     (no ring)
rCorr  .         Warding  .     (no ring)
rMut   .         Stasis   .     (no ring)
MR     +....                    (no ring)
Stlth  +++.......               (no ring)
                                (no ring)
                                (no ring)
                                (no ring)

@: somewhat resistant to hostile enchantments, fairly stealthy
A: almost no armour, amphibious, 8 rings, constrict 8, repulsion field 1, slimy
green scales 1, camouflage 1, blink 1, clarity, low mp 1, magic resistance 1,
sense surroundings 1, strong 1, gelatinous body 1, MP-powered wands 1
a: Blink, Channel Energy, Forget Spell, Renounce Religion


You were on level 1 of the Lair of Beasts.
You worshipped Sif Muna.
Sif Muna was exalted by your worship.
You were near starving.

You visited 2 branches of the dungeon, and saw 11 of its levels.
You also visited: Bailey.

You collected 519 gold pieces.
You spent 84 gold pieces at shops.

Inventory:

Hand weapons
 A - a +0 falchion of protection
 B - a +1 spear of venom (weapon)
Missiles
 j - 4 javelins
 F - 3 tomahawks (quivered)
Jewellery
 y - an amulet of clarity (around mantle)
Magical devices
 e - a wand of teleportation (0)
 n - a wand of teleportation (2)
 r - a wand of confusion (13)
 E - a wand of paralysis (1)
Scrolls
 h - 3 scrolls of magic mapping
 i - a scroll of amnesia
 m - 3 scrolls of immolation
 o - a scroll of remove curse
 p - a scroll of recharging {unknown}
 s - a scroll of enchant armour {unknown}
 u - a scroll of summoning {unknown}
 v - 2 scrolls of enchant weapon {unknown}
 w - a scroll of blinking {unknown}
 H - a scroll of fear {unknown}
Potions
 a - 9 potions of curing
 b - 2 potions of magic
 f - 2 potions of berserk rage
 g - a potion of brilliance
 q - 2 potions of heal wounds
 t - 3 potions of haste
 x - 6 potions of might
 z - a potion of lignification
 G - a potion of agility
 I - a potion of degeneration {unknown}
Books
 d - a book of the Warp

   Spells                             Type                      Level
   a - Recall                         Summoning/Translocation      3
   b - Control Teleport               Charms/Translocation         4
   c - Force Lance                    Conjuration/Translocation    4
   d - Phase Shift                    Translocation                5
   e - Warp Weapon                    Charms/Translocation         5
   f - Gell's Gravitas                Hexes/Translocation          5
   g - Summon Forest                  Summoning/Translocation      5
 l - Giamp's Handbook of Flamy Damage Dealing
   (Sif Muna gifted it to you on level 9 of the Dungeon)

   Spells                             Type                      Level
   a - Shock                          Conjuration/Air              1
   b - Flame Tongue                   Conjuration/Fire             1
   c - Fulminant Prism                Conjuration/Hexes            4
   d - Bolt of Magma                  Conjuration/Fire/Earth       5
   e - Fire Storm                     Conjuration/Fire             9
 C - a book of Clouds

   Spells                             Type                      Level
   a - Mephitic Cloud                 Conjuration/Poison/Air       3
   b - Conjure Flame                  Conjuration/Fire             3
   c - Poisonous Cloud                Conjuration/Poison/Air       6
   d - Freezing Cloud                 Conjuration/Ice/Air          6
   e - Ring of Flames                 Charms/Fire                  7
Comestibles
 c - 7 bread rations
 k - a meat ration
 D - 6 slices of pizza


   Skills:
 - Level 2.0 Dodging
 - Level 2.6 Stealth
 + Level 4.6 Spellcasting
 + Level 11.6 Conjurations
 + Level 11.9 Fire Magic


You had 4 spell levels left.
You knew the following spells:

 Your Spells              Type           Power        Failure   Level  Hunger
a - Apportation           Tloc           #.........   14%         1    None
b - Summon Butterflies    Summ           #.......     14%         1    None
c - Conjure Flame         Conj/Fire      ######..     1%          3    ##.....
f - Flame Tongue          Conj/Fire      #####        1%          1    None
s - Sticky Flame          Conj/Fire      ######..     1%          4    ####...
B - Fireball              Conj/Fire      ######....   3%          5    ######.


Dungeon Overview and Level Annotations

Branches:
Dungeon (10/15)            Temple (0/1) D:4            Lair (1/8) D:10
    Orc (0/4) D:10

Altars:
Ashenzari
Cheibriados
Elyvilon
Fedhas
Gozag
Kikubaaqudgha
Qazlal
Sif Muna
Trog
Yredelemnul
The Shining One

Shops:
D:4 *   D:8 [

Annotations:
D:5 Grinder
D:10 Erolcha, Nergalle


Innate Abilities, Weirdness & Mutations

You cannot wear most types of armour.
You are amphibious.
You can wear up to eight rings at the same time.
You can use your tentacles to constrict many enemies at once.
Your skin changes colour to match your surroundings (Stealth).
Your rubbery body absorbs attacks (AC +1).
You are surrounded by a mild repulsion field (EV +2).
You are partially covered in slimy green scales (AC +2).
You can translocate small distances at will.
You possess an exceptional clarity of mind.
Your magical capacity is low (-10% MP).
You are resistant to hostile enchantments.
You passively map a small area around you.
Your muscles are strong. (Str +2)
You expend magic power (3 MP) to slightly strengthen your wands.


Message History

Adjust (i)tems, (s)pells, or (a)bilities?
Adjust which ability? f - Blink Adjust to which letter?
Swapping with: b - Forget Spell Use which ability? (? or * to list)
You blink.
You feel slightly more hungry.
The quokka twitches its whiskers.
Your surroundings suddenly seem different.
Found a morningstar and 15 stones.
Unknown command.
Found a stone staircase leading down.
An electric eel comes into view.
The electric eel shoots out a bolt of lightning at you!
The bolt of electricity hits you!
The electric eel shoots out a bolt of lightning at you!
The bolt of electricity hits you!
* * * LOW HITPOINT WARNING * * *
The eight-headed hydra bites you!
You die...

..,............?...≈# ..
................≈# * * .
........<.......≈# , .
,...}............≈# ♣
♣................≈# ≈
♣♣♣♣...............≈#
♣≈≈♣≈.............:≈#
≈≈P≈♣≈#............≈#####
≈P≈P≈♣♣≈...Y....@..≈≈≈≈;≈≈
Y...≈≈≈P.Y..rt.D.>.......
*
................#####.###
* ...≈.....)......# **
≈.≈P.♣..........#
≈≈≈≈≈≈..........#
≈≈P≈♣.#.........#
≈≈PP.............
≈≈≈≈..(..........


You could see an eight-headed hydra, a crocodile, 2 sheep, an electric eel and a
quokka.

Vanquished Creatures
  An orc knight (Bailey)
  Joseph (D:7)
  2 trolls (D:10)
  A deep elf mage (D:10)
  A human (D:7)
  Eustachio (D:7)
  2 wyverns
  5 yaks
  A hippogriff (D:8)
  4 wargs (D:10)
  A water moccasin (D:7)
  2 porcupines (D:10)
  An eye of draining (D:8)
  A black bear (D:7)
  3 phantoms
  An ice beast (D:2)
  A wasp (D:9)
  A sky beast (D:6)
  9 centaurs
  2 orc warriors (D:9)
  2 ogres
  A necrophage (D:9)
  4 crocodiles (D:10)
  A gnoll sergeant (D:9)
  4 big kobolds
  4 giant frogs
  3 scorpions
  6 killer bees (D:7)
  5 hounds
  A quasit (D:7)
  4 crimson imps
  4 goliath beetles
  A jelly (D:9)
  A centaur skeleton (D:10)
  An orc priest (D:7)
  2 giant frog skeletons
  3 iguanas
  4 worker ants
  4 orc wizards
  11 sheep
  A hound skeleton (D:10)
  A hound zombie (D:9)
  7 adders
  27 gnolls
  2 river rats
  4 worker ant zombies
  A giant mite (D:7)
  3 shadow imps
  2 worms (D:3)
  An adder zombie (D:8)
  6 giant geckos
  28 orcs
  A ball python (D:1)
  22 bats
  A bat skeleton (D:5)
  A bat zombie (D:5)
  5 giant cockroaches
  15 goblins
  36 hobgoblins
  7 jackals
  11 giant newts
  28 kobolds
  5 quokkas
  A quokka zombie (D:9)
  21 rats
344 creatures vanquished.

Vanquished Creatures (others)
  A giant frog zombie (D:7)
  A giant spore (D:7)
  A ballistomycete (D:7)
  A fungus (D:10)
4 creatures vanquished.

Grand Total: 348 creatures vanquished

Notes
Turn   | Place    | Note
--------------------------------------------------------------
     0 | D:1      | Charly, the Octopode Fire Elementalist, began the quest for the Orb.
     0 | D:1      | Reached XP level 1. HP: 11/11 MP: 3/3
   163 | D:1      | Reached XP level 2. HP: 17/17 MP: 1/5
   583 | D:1      | Reached XP level 3. HP: 11/21 MP: 0/6
   820 | D:1      | Learned a level 3 spell: Conjure Flame
  1659 | D:2      | Reached XP level 4. HP: 27/27 MP: 4/8
  2063 | D:2      | Learned a level 4 spell: Sticky Flame
  2282 | D:2      | Noticed an ice beast
  2440 | D:3      | Reached skill level 4 in Fire Magic
  2440 | D:3      | Reached XP level 5. HP: 19/31 MP: 7/11
  2677 | D:3      | Found a deep blue altar of Sif Muna.
  2686 | D:3      | Became a worshipper of Sif Muna the Loreminder
  3037 | D:3      | Reached XP level 6. HP: 13/36 MP: 5/12
  3274 | D:3      | Found a snail-covered altar of Cheibriados.
  3564 | D:2      | Killed an ice beast
  3564 | D:2      | Reached skill level 5 in Fire Magic
  4048 | D:4      | Found a shattered altar of Ashenzari.
  4196 | D:4      | Found a staircase to the Ecumenical Temple.
  4622 | D:4      | Reached XP level 7. HP: 41/41 MP: 7/14
  4737 | D:4      | Found Tomidas' Assorted Antiques.
  4745 | D:4      | Bought a scroll labeled SHRESEFRE SYMO for 28 gold pieces
  4745 | D:4      | Bought a scroll labeled YWUICAT IVURON for 28 gold pieces
  4745 | D:4      | Bought a scroll labeled SEQOILI FOLO for 28 gold pieces
  5025 | D:5      | Entered Level 5 of the Dungeon
  5120 | D:5      | Noticed Grinder
  5134 | D:5      | Found a bloodstained altar of Trog.
  5197 | D:5      | Acquired Sif Muna's first power
  5248 | D:5      | Found an opulent altar of Gozag.
  5279 | D:5      | Found a shattered altar of Ashenzari.
  5497 | D:5      | Gained mutation: You possess an exceptional clarity of mind. [potion of beneficial mutation]
  5688 | D:6      | Reached skill level 5 in Conjurations
  5739 | D:6      | Reached skill level 6 in Fire Magic
  6089 | D:6      | Reached XP level 8. HP: 46/46 MP: 13/16
  6172 | D:6      | Learned a level 5 spell: Fireball
  6201 | D:6      | Acquired Sif Muna's second power
  6356 | D:6      | Reached skill level 7 in Fire Magic
  6882 | D:7      | Found an ancient bone altar of Kikubaaqudgha.
  6998 | D:7      | Found a basalt altar of Yredelemnul.
  6999 | D:7      | Noticed a profane servitor
  7022 | D:7      | Noticed Eustachio
  7087 | D:7      | Reached skill level 8 in Fire Magic
  7156 | D:7      | Killed Eustachio
  7156 | D:7      | Reached XP level 9. HP: 51/51 MP: 8/17
  7647 | D:7      | Noticed Joseph
  7661 | D:7      | HP: 1/51 [Joseph/uncursed quarterstaff (17)]
  7742 | D:7      | Found a glowing golden altar of the Shining One.
  7743 | D:7      | Noticed an angel
  7802 | D:7      | Killed Joseph
  7802 | D:7      | Acquired Sif Muna's third power
  7802 | D:7      | Reached skill level 9 in Fire Magic
  8775 | D:8      | Gained mutation: You can translocate small distances at will. [potion of mutation]
  8775 | D:8      | Gained mutation: You are resistant to hostile enchantments. [potion of mutation]
  8775 | D:8      | Gained mutation: You passively map a small area around you. [potion of mutation]
  8776 | D:8      | Gained mutation: You are surrounded by a mild repulsion field (EV +2). [potion of mutation]
  8776 | D:8      | Gained mutation: Your magical capacity is low (-10% MP). [potion of mutation]
  8776 | D:8      | Gained mutation: You expend magic power (3 MP) to slightly strengthen your wands. [potion of mutation]
  9212 | D:8      | Found a blossoming altar of Fedhas.
  9532 | D:8      | Found a white marble altar of Elyvilon.
  9584 | D:8      | Reached skill level 10 in Fire Magic
  9584 | D:8      | Reached XP level 10. HP: 56/56 MP: 6/16
 10031 | D:8      | Reached skill level 10 in Conjurations
 10189 | D:8      | Found Karaxae's Antique Armour Shop.
 10347 | D:8      | Upgraded the game from 0.16-a0-4133-g472b14a to 0.17-a0-4-gb793c6d
 10455 | D:8      | Found a stormy altar of Qazlal.
 10941 | D:9      | Found a flagged portal.
 10970 | Bailey   | Entered a bailey
 11338 | Bailey   | Noticed an orc knight
 11369 | Bailey   | Killed an orc knight
 11741 | Bailey   | Gained mutation: You are partially covered in slimy green scales (AC +2). [potion of beneficial mutation]
 11742 | Bailey   | Gained mutation: Your muscles are strong. (Str +2) [potion of beneficial mutation]
 12262 | D:9      | Reached skill level 11 in Fire Magic
 12826 | D:9      | Received a gift from Sif Muna
 12827 | D:9      | Identified Giamp's Handbook of Flamy Damage Dealing (Sif Muna gifted it to you on level 9 of the Dungeon)
 13173 | D:10     | Entered Level 10 of the Dungeon
 13186 | D:10     | Learned a level 1 spell: Apportation
 13188 | D:10     | Learned a level 1 spell: Summon Butterflies
 13276 | D:10     | Reached XP level 11. HP: 51/61 MP: 0/18
 13539 | D:10     | Noticed Nergalle
 13888 | D:10     | Found a staircase to the Orcish Mines.
 14067 | D:10     | Found a staircase to the Lair.
 14491 | D:10     | Noticed Erolcha
 14538 | Lair:1   | Entered Level 1 of the Lair of Beasts
 14556 | Lair:1   | Noticed an eight-headed hydra
 14581 | Lair:1   | Slain by an eight-headed hydra

Action                   |  1- 3 |  4- 6 |  7- 9 | 10-12 || total
-------------------------+-------+-------+-------+-------++-------
Melee: Unarmed           |     7 |       |       |       ||     7
       Trident           |       |       |    52 |       ||    52
       Falchion          |       |       |    19 |    15 ||    34
       Spear             |       |       |       |    29 ||    29
Throw: Stone             |       |    12 |       |       ||    12
       Tomahawk          |       |    51 |    47 |    51 ||   149
       Javelin           |       |     6 |    65 |    46 ||   117
       Throwing net      |       |       |       |     3 ||     3
 Cast: Flame Tongue      |    74 |   103 |   227 |   327 ||   731
       Conjure Flame     |       |     4 |    14 |    20 ||    38
       Sticky Flame      |       |       |    12 |    16 ||    28
       Fireball          |       |       |     1 |     3 ||     4
       Summon Butterflie |       |       |       |     1 ||     1
Invok: Channel Energy    |       |       |       |     3 ||     3
 Abil: Blink             |       |       |       |     1 ||     1
Evoke: Wand              |       |       |    15 |     5 ||    20
  Use: Scroll            |       |     7 |     8 |     7 ||    22
       Potion            |       |       |     5 |     3 ||     8
 Stab: Distracted        |       |       |     1 |       ||     1
  Eat: Chunk             |     1 |     6 |    11 |    17 ||    35
       Fruit             |       |     2 |       |       ||     2
       Beef jerky        |       |     1 |     3 |     1 ||     5
       Meat ration       |       |       |     1 |       ||     1
       Pizza             |       |       |       |     1 ||     1
